 Dungeon Crawl Stone Soup version 0.30.1-3-gfc49f6343a (webtiles) character file.

Game seed: 13501379549477519734

250854 Peloso the Peltast (level 19, -4/273 (277) HPs)
             Began as a Minotaur Fighter on July 31, 2023.
             Was a High Priest of Okawaru.
             Slain by a demonic crawler (10 damage)
             ... on level 3 of the Spider Nest.
             The game lasted 02:10:01 (39545 turns).

Peloso the Peltast (Minotaur Fighter)              Turns: 39545, Time: 02:10:03

HP:   -4/273 (277)  AC: 36    Str: 33      XL:     19   Next: 31%
MP:   0/20          EV: 14    Int:  4 (5)  God:    Okawaru [*****.]
Gold: 1830          SH:  0    Dex: 12 (13) Spells: 18/18 levels left

rFire   . . .        a - +9 long sword of Domi {protect, Int+4}
rCold   + + .        d - +2 buckler of Peloso's Watchfulness {rC+}
rNeg    . . .        O - +0 storm dragon scales "Uwixtab" {rElec rPois rCorr Int-4 SInv}
rPois   +            u - +1 hat
rElec   +            T - +2 cloak of Fun and Games {*Slow rPois Regen+ Str+3}
rCorr   +            h - +0 pair of gloves "Oxzek" {rC+ Will+}
SInv    +            s - +0 pair of boots {rampage}
Will    +++..        X - amulet of Kaonaw {Will+ Regen+ Stlth+} Stlth
                     Z - ring of the Octopus King {HP+2 AC+2 EV+2 SH+2 SInv}
HPRegen 2.25/turn    Y - +6 ring of strength
MPRegen 0.17/turn

%: slow self (1%), rampage
@: confused, berserking (expiring), marked, under a protective aura, studying 2
skills, lightly drained, very quick
A: horns 2, retaliatory headbutt, weak 1
}: 1/15 runes: decaying
a: Renounce Religion, Heroism, Finesse, Duel


You were on level 3 of the Spider Nest.
You worshipped Okawaru.
Okawaru was extremely pleased with you.
You visited 6 branches of the dungeon, and saw 32 of its levels.
You also visited: Bailey, Gauntlet, Ice Cave and Wizlab.

You collected 5490 gold pieces.
You spent 3660 gold pieces at shops.

Inventory:

Hand Weapons
 a - the +9 long sword of Domi (weapon) {protect, Int+4}
   (You bought it in a shop on level 2 of the Orcish Mines)

   Int:       It affects your intelligence (+4).
 b - a +1 long sword of flaming
 c - the +9 sword of Zonguldrok {reap}
   (You found it in a wizard's laboratory)
Armour
 d - the +2 buckler of Peloso's Watchfulness (worn) {rC+}
   (Okawaru gifted it to you on level 3 of the Lair of Beasts)

   rC:        It protects you from cold.
 h - the +0 pair of gloves "Oxzek" (worn) {rC+ Will+}
   (Okawaru gifted it to you on level 2 of the Orcish Mines)

   rC:        It protects you from cold.
   Will:      It increases your willpower.
 s - a +0 pair of boots of rampaging (worn)
 u - a +1 hat (worn)
 O - the +0 storm dragon scales "Uwixtab" (worn) {rElec rPois rCorr Int-4 SInv}
   (You found it on level 3 of the Elven Halls)

   Int:       It affects your intelligence (-4).
   rElec:     It insulates you from electricity.
   rPois:     It protects you from poison.
   SInv:      It lets you see invisible.
   rCorr:     It protects you from acid and corrosion.
 T - the +2 cloak of Fun and Games (worn) {*Slow rPois Regen+ Str+3}
   (Okawaru gifted it to you on level 11 of the Dungeon)

   Str:       It affects your strength (+3).
   rPois:     It protects you from poison.
   Regen:     It increases your rate of health regeneration.
   *Slow:     It may slow you when you take damage.
Jewellery
 j - the ring of Ijuobelu {Ice rN+ Dex+5 Stlth+}
   (You took it off a deep elf pyromancer on level 3 of the Elven Halls)

   [ring of ice]

   It enhances your ice magic.
   Dex:       It affects your dexterity (+5).
   rF:        It makes you vulnerable to fire.
   rC:        It protects you from cold.
   rN:        It protects you from negative energy.
   Stlth:     It makes you more stealthy.
 B - the ring of Creativity {Will+ SInv}
   (You found it on level 3 of the Elven Halls)

   [ring of see invisible]

   SInv:      It lets you see invisible.
   Will:      It increases your willpower.
 F - the macabre finger necklace {Finger+ rN+}
   (You found it on level 3 of the Elven Halls)

   [amulet of nothing]

   Finger+:   It enables you to equip an extra ring.
   rN:        It protects you from negative energy.
 J - an amulet of reflection
 X - the amulet of Kaonaw (around neck) {Will+ Regen+ Stlth+}
   (You bought it in a shop on level 3 of the Elven Halls)

   [amulet of regeneration]

   Regen:     It increases your rate of health regeneration.
   Will:      It increases your willpower.
   Stlth:     It makes you more stealthy.
 Y - a +6 ring of strength (right hand)
 Z - a ring of the Octopus King (left hand) {HP+2 AC+2 EV+2 SH+2 SInv}
   (You bought it in a shop on level 3 of the Elven Halls)

   [ring of see invisible]

   AC:        It affects your AC (+2).
   EV:        It affects your evasion (+2).
   HP:        It affects your health (+2).
   SInv:      It lets you see invisible.
   SH:        It affects your SH (+2).
Scrolls
 k - 8 scrolls of teleportation
 v - 3 scrolls of poison
 w - 5 scrolls of immolation
 x - a scroll of acquirement
 D - 17 scrolls of identify
 E - 2 scrolls of blinking
 H - 3 scrolls of magic mapping
 M - a scroll of noise
Potions
 e - 3 potions of might
 f - a potion of magic
 i - 4 potions of invisibility
 l - 7 potions of flight
 n - 5 potions of curing
 o - 4 potions of resistance
 p - a potion of mutation
 r - 5 potions of haste
 G - 4 potions of lignification


   Skills:
 + Level 19.5 Fighting
 + Level 4.1(11.6) Short Blades
 + Level 17.9(18.2) Long Blades
 + Level 15.7 Maces & Flails
 + Level 19.6 Armour
 + Level 7.0 Dodging
 + Level 2.5 Stealth
 + Level 20.8 Shields
 + Level 3.4 Invocations
 + Level 1.0 Evocations


You had 18 spell levels left.
You didn't know any spells.
Your spell library contained the following spells:

 Spells                   Type           Power      Damage    Failure   Level
 Freeze                   Ice            0%         1d3       82%         1
 Kiss of Death            Conj/Necr      0%         2d5       82%         1
 Magic Dart               Conj           0%         1d3       82%         1
 Sandblast                Erth           0%         2d4       82%         1
 Slow                     Hex            0%         N/A       82%         1
 Sting                    Tmut/Pois      0%         1d3       82%         1
 Ensorcelled Hibernation  Hex/Ice        0%         N/A       91%         2
 Passwall                 Tmut/Erth      0%         N/A       91%         2
 Poisonous Vapours        Pois/Air       0%         N/A       91%         2
 Searing Ray              Conj           0%         2d4       91%         2
 Sublimation of Blood     Necr           0%         N/A       91%         2
 Wereblood                Tmut           0%         N/A       91%         2
 Confusing Touch          Hex            0%         N/A       99%         3
 Frozen Ramparts          Ice            0%         1d1       99%         3
 Gell's Gravitas          Tloc           0%         N/A       99%         3
 Hailstorm                Conj/Ice       0%         3d3       99%         3
 Ignite Poison            Fire/Tmut/Pois 0%         N/A       99%         3
 Mephitic Cloud           Conj/Pois/Air  0%         N/A       99%         3
 Portal Projectile        Hex/Tloc       0%         N/A       99%         3
 Stone Arrow              Conj/Erth      0%         3d7       99%         3
 Swiftness                Air            0%         N/A       99%         3
 Teleport Other           Tloc           0%         N/A       99%         3
 Vampiric Draining        Necr           0%         2d6       99%         3
 Vhi's Electric Charge    Tloc/Air       0%         N/A       99%         3
 Cause Fear               Hex            0%         N/A       100%        4
 Fulminant Prism          Conj/Hex       0%         3d5       100%        4
 Leda's Liquefaction      Hex/Erth       0%         N/A       100%        4
 Sticky Flame             Conj/Fire      0%         2d3       100%        4
 Alistair's Intoxication  Tmut/Pois      0%         N/A       100%        5
 Arcjolt                  Conj/Air       0%         1d10      100%        5
 Blade Hands              Tmut           0%         N/A       100%        5
 Borgnjor's Vile Clutch   Necr/Erth      0%         N/A       100%        5
 Irradiate                Conj/Tmut      0%         3d11      100%        5
 Lee's Rapid Deconstruct  Erth           0%         3d4*      100%        5
 Dispersal                Tloc           0%         N/A       100%        6
 Eringya's Noxious Bog    Tmut/Pois      0%         N/A       100%        6
 Iron Shot                Conj/Erth      0%         9d1       100%        6
 Statue Form              Tmut/Erth      0%         N/A       100%        6
 Orb of Destruction       Conj           0%         9d5       100%        7
 Ozocubu's Refrigeration  Ice            0%         4d7       100%        7
 Ignition                 Fire           0%         3d3       100%        8
 Maxwell's Capacitive Co  Air            0%         ∞         100%        8
 Polar Vortex             Ice            0%         N/A       100%        9
 Call Imp                 Summ           Unusable   N/A       N/A         2
 Call Canine Familiar     Summ           Unusable   N/A       N/A         3
 Summon Guardian Golem    Hex/Summ       Unusable   N/A       N/A         3
 Animate Armour           Summ/Erth      Unusable   N/A       N/A         4
 Animate Dead             Necr           Unusable   N/A       N/A         4
 Summon Forest            Summ/Tloc      Unusable   N/A       N/A         5
 Simulacrum               Ice/Necr       Unusable   N/A       N/A         6
 Haunt                    Necr/Summ      Unusable   N/A       N/A         7
 Spellforged Servitor     Conj/Summ      Unusable   N/A       N/A         7
 Summon Hydra             Summ           Unusable   N/A       N/A         7
 Infestation              Necr           Unusable   N/A       N/A         8

Dungeon Overview and Level Annotations

Branches:
Dungeon (15/15)            Temple (0/1) D:4            Lair (5/5) D:8
  Swamp (4/4) Lair:3       Spider (3/4) Lair:3        Slime (0/5) Lair:5
    Orc (2/2) D:10            Elf (3/3) Orc:2        Vaults (0/5) D:14
 Bailey (visited)           IceCv (visited)          WizLab (visited)
Gauntlet (visited)
 Depths: D:15

Altars:
Ashenzari
Elyvilon
Gozag
Kikubaaqudgha
Okawaru
Qazlal
Vehumet
Wu Jian
Yredelemnul
The Shining One
Jiyva

Shops:
D:1 [   Orc:1 *   Orc:2 *[(=*   Elf:2 [   Elf:3 ==:

Annotations:
D:2 1 runed translucent door, Crazy Yiuf
D:11 Casa
Elf:2 3 runed translucent doors


Innate Abilities, Weirdness & Mutations

You have a pair of horns on your head.
You reflexively headbutt those who attack you in melee.
You are weak. (Str -2)


Message History

* * * LOW HITPOINT WARNING * * *
The entropy weaver hits you but does no damage.
The entropy weaver completely misses you.
The entropy weaver hits you but does no damage.
The entropy weaver closely misses you. The ghost moth stares at you.
The ghost moth completely misses you.
The ghost moth hits you but does no damage.
The ghost moth closely misses you.
You slice the pharaoh ant!!
You destroy the pharaoh ant!
Okawaru accepts your kill.
The pharaoh ant binds the souls of nearby monsters.
The demonic crawler hits you!
* * * LOW HITPOINT WARNING * * *
The demonic crawler hits you!
* * * LOW HITPOINT WARNING * * *
The demonic crawler hits you but does no damage.
The tarantella misses you. The redback closely misses you.
The jumping spider leaps!
The tarantella rages.
Your Dodging skill increases to level 7!
You bump into the rock wall.
The tarantella closely misses you.
The demonic crawler hits you but does no damage.
The demonic crawler hits you.
* * * LOW HITPOINT WARNING * * *
The demonic crawler hits you but does no damage.
The redback bites you.
* * * LOW HITPOINT WARNING * * *
The ghost moth stares at you.
The ghost moth hits you but does no damage.
The ghost moth closely misses you. x2
Unknown command.
You barely miss the emperor scorpion.
Your headbutt misses the emperor scorpion.
The tarantella touches you but does no damage.
The redback barely misses you. The demonic crawler closely misses you.
The demonic crawler completely misses you.
The demonic crawler hits you!
You die...

#^.##.>.......
.....^.......#.
..#.... ..^..^#.#
...#..#.#........s
..#......#......
.....#.#s†.#.#
..#Bsssy#s.#..
#.#sssyss.....
#..@#sss.#...


##syssss..s. #ss##ss.#... ##..#.#..#.. ##......... ..#..#.. ..#....# ..^ # ..#
You could see a broodmother (soul bound), an emperor scorpion (soul bound), a
ghost moth (invisible), an entropy weaver (soul bound), a spark wasp (soul
bound), a demonic crawler (berserk), a wolf spider (soul bound), a moth of wrath
(soul bound), an orb spider (soul bound), 4 culicivoras, 2 jumping spiders, 3
tarantellas and 6 redbacks.

Vanquished Creatures
  An ancient lich (WizLab)
  Arachne (Spider:2)
  A tentacled monstrosity (Swamp:4)
  2 deep elf blademasters (Elf:3)
  3 deep elf master archers (Elf:3)
  2 ancient champions (WizLab)
  3 thorn hunters
  Frances (D:13)
  A fenstrider witch (Lair:3)
  2 ghost moths
  8 deep elf sorcerers
  3 deep elf elementalists (Elf:3)
  An orc warlord (Orc:1)
  A broodmother (Spider:2)
  The ghost of Bumelen the Warrior, a journeyman MiBe of Trog (D:14)
  Nessos (Lair:4)
  4 eleionomae
  2 deep elf demonologists (Elf:3)
  A white draconian (IceCv)
  5 deep elf annihilators
  2 bunyips
  A blizzard demon (D:14)
  A minotaur (Gauntlet)
  Snorg (Orc:2)
  3 deep elf death magi (Elf:3)
  An ettin (Orc:2)
  2 shambling mangroves
  The ghost of raetorn the Grappler, a journeyman NaTm of Cheibriados (Lair:3)
  2 entropy weavers (Spider:1)
  22 hydras
  A spriggan air mage (Swamp:4)
  4 vault guards
  2 ghost crabs
  Fannar (Orc:1)
  8 centaur warriors
  2 jorogumos
  A catoblepas (Lair:5)
  A death knight (D:14)
  A radroach (Spider:3)
  3 two-headed ogres
  18 dancing weapons
  A deep troll shaman (Lair:5)
  10 alligators
  3 boulder beetles
  A death scarab (Spider:1)
  A vampire mage (Swamp:1)
  20 death yaks
  2 orc high priests (Orc:2)
  3 tengu warriors
  Sonja (Lair:4)
  A spriggan berserker (Swamp:4)
  Urug (Lair:5)
  16 deep elf knights
  3 skysharks
  5 pharaoh ants
  13 skeletal warriors
  8 goliath frogs
  5 orb spiders
  3 spriggan druids
  A sun moth (Spider:2)
  2 wizards (D:14)
  24 deep elf zephyrmancers
  12 swamp dragons
  7 orc knights
  A phantasmal warrior (D:14)
  7 deep elf archers
  4 steelbarb worms (Spider:2)
  13 bog bodies
  An oklob plant (Orc:1)
  Pikel (D:7)
  27 deep elf pyromancers
  6 will-o-the-wisps
  7 ugly things
  2 manticores
  3 orc sorcerers
  A shining eye (shapeshifter) (Elf:3)
  18 wolf spiders
  2 moths of wrath
  22 elephants
  5 cyclopes
  13 centaur zombies (D:13)
  3 black mambas
  7 torpor snails
  2 ice statues (IceCv)
  An eye of devastation (Gauntlet)
  5 demonic crawlers
  7 cane toads
  2 gargoyles (D:13)
  3 unseen horrors
  9 komodo dragons
  7 rime drakes
  A kobold demonologist (D:14)
  A freezing wraith (D:14)
  An efreet (Gauntlet)
  A tengu conjurer (D:14)
  6 ice devils
  10 trolls
  A polar bear (Lair:1)
  A meliai (D:8)
  15 tyrant leeches
  6 hornets
  15 tarantellas
  9 dream sheep
  21 blink frogs
  17 jumping spiders
  5 slime creatures
  13 culicivoras
  6 spriggans
  Sigmund (D:2)
  4 shadows
  6 centaur simulacra (D:14)
  A spriggan (shapeshifter) (Elf:1)
  2 air elementals
  33 yaks
  4 vampires (WizLab)
  2 water elementals
  5 wraiths
  15 redbacks
  5 wyverns
  7 basilisks
  3 fire elementals
  A golden eye (Gauntlet)
  A steam dragon (D:8)
  14 vampire mosquitoes
  14 swamp worms
  3 wargs
  An acid dragon (D:9)
  2 hell hounds (Gauntlet)
  17 water moccasins
  An ice beast (shapeshifter) (D:12)
  A sky beast (D:7)
  10 swamp drakes
  An ice beast (D:8)
  34 orc warriors
  3 black bears
  36 wolves
  6 ogres
  16 centaurs
  10 kobold brigands
  A phantom (D:5)
  Blork the orc (D:6)
  13 bullfrogs
  3 earth elementals (Elf:2)
  A scorpion (D:5)
  7 wights
  9 troll zombies (WizLab)
  11 killer bees
  4 electric eels
  2 howler monkeys
  6 komodo dragon simulacra (IceCv)
  4 hounds
  A jelly (D:6)
  22 orc priests
  2 boggart zombies (D:13)
  8 iguanas
  2 sleepcaps
  21 orc wizards
  5 ogre zombies (WizLab)
  A boggart simulacrum (D:14)
  6 acid dragon simulacra (IceCv)
  9 adders
  6 white imps
  9 steam dragon simulacra (IceCv)
  5 dart slugs
  58 orcs
  7 ball pythons
  8 bats
  7 endoplasms
  3 giant cockroaches
  14 goblins
  9 hobgoblins
  9 jackals
  30 kobolds
  7 quokkas
  3 frilled lizards (D:1)
  5 rats
  A spectral orc (D:4)
  A butterfly (Lair:3)
1153 creatures vanquished.

Vanquished Creatures (others)
  3 deep elf knights
  A hornet (Swamp:4)
  2 bloated husks
  30 foxfires
36 creatures vanquished.

Grand Total: 1189 creatures vanquished

Notes
Turn   | Place    | Note
-------+----------+-------------------------------------------
     0 | D:1      | Peloso the Minotaur Fighter began the quest for the Orb.
     0 | D:1      | Reached XP level 1. HP: 19/19 MP: 0/0
    32 | D:1      | Found Mypn's Antique Armour Shop.
   127 | D:1      | Reached skill level 4 in Shields
   127 | D:1      | Reached XP level 2. HP: 25/27 MP: 1/1
   428 | D:1      | Reached XP level 3. HP: 33/33 MP: 2/2
   996 | D:2      | Got the Anthology of Viridian Arcane Combat
   997 | D:2      | Identified the +9 dagger of Cobwebs {flame, Fly rC- rCorr}
  1073 | D:2      | Noticed Sigmund
  1094 | D:2      | Killed Sigmund
  1095 | D:2      | Reached skill level 1 in Dodging
  1095 | D:2      | Reached XP level 4. HP: 16/41 MP: 3/3
  1095 | D:2      | Reached XP level 5. HP: 18/47 MP: 4/4
  1436 | D:2      | Reached skill level 5 in Shields
  1457 | D:2      | Found a runed translucent door.
  1458 | D:2      | Noticed Crazy Yiuf
  2080 | D:3      | Reached skill level 1 in Short Blades
  2091 | D:3      | Reached skill level 5 in Armour
  2091 | D:3      | Reached XP level 6. HP: 40/53 MP: 5/5
  2558 | D:4      | Found a glowing golden altar of the Shining One.
  2559 | D:4      | Found a broken altar of Ashenzari.
  2562 | D:4      | Found an opulent altar of Gozag.
  2692 | D:4      | Identified the +5 mace of Laxtisarph {drain, Str+3}
  2713 | D:4      | Found an iron altar of Okawaru.
  2730 | D:4      | Became a worshipper of Warmaster Okawaru
  2904 | D:4      | Found a staircase to the Ecumenical Temple.
  3149 | D:4      | Found a basalt altar of Yredelemnul.
  3361 | D:5      | Entered Level 5 of the Dungeon
  3400 | D:5      | Reached skill level 1 in Maces & Flails
  3403 | D:5      | Reached XP level 7. HP: 48/60 MP: 6/6
  3503 | D:5      | Reached * piety under Okawaru
  3599 | D:5      | Reached skill level 6 in Shields
  4283 | D:6      | Reached skill level 5 in Fighting
  4283 | D:6      | Reached skill level 5 in Maces & Flails
  4283 | D:6      | Reached XP level 8. HP: 68/68 MP: 7/7
  4361 | D:6      | Identified the +1 trident of Recklessness {drain, Str+4}
  4666 | D:6      | Reached ** piety under Okawaru
  4722 | D:6      | Noticed Blork the orc
  4728 | D:6      | Killed Blork the orc
  4793 | D:6      | Found an ornate altar of the Wu Jian Council.
  5133 | D:7      | Reached skill level 1 in Stealth
  5336 | D:7      | Reached XP level 9. HP: 54/78 MP: 8/8
  5507 | D:7      | Found a stormy altar of Qazlal.
  5514 | D:7      | Found a white marble altar of Elyvilon.
  5609 | D:7      | Noticed Pikel
  5629 | D:7      | Killed Pikel
  5629 | D:7      | Reached *** piety under Okawaru
  5630 | D:7      | Reached skill level 7 in Shields
  5867 | D:8      | Reached skill level 10 in Maces & Flails
  6116 | D:8      | Found a staircase to the Lair.
  6116 | D:8      | Noticed an elephant
  6135 | D:8      | Reached **** piety under Okawaru
  6144 | D:8      | Reached skill level 8 in Shields
  6243 | D:8      | Killed an elephant
  6244 | D:8      | Reached XP level 10. HP: 72/88 MP: 9/9
  6524 | D:8      | Noticed a deep elf pyromancer
  6536 | D:8      | Noticed a tengu warrior
  6539 | D:8      | Killed a deep elf pyromancer
  6550 | D:8      | Killed a tengu warrior
  6874 | D:8      | Reached ***** piety under Okawaru
  7242 | D:9      | Noticed a two-headed ogre
  7248 | D:9      | Killed a two-headed ogre
  7292 | D:9      | Found a radiant altar of Vehumet.
  7372 | D:9      | Reached skill level 10 in Armour
  7613 | D:9      | Noticed a purple ugly thing
  7613 | D:9      | Noticed a deep elf pyromancer
  7621 | D:9      | Killed a purple ugly thing
  7623 | D:9      | Killed a deep elf pyromancer
  7624 | D:9      | Reached skill level 9 in Shields
  7624 | D:9      | Reached XP level 11. HP: 93/95 MP: 7/10
  8146 | D:10     | Entered Level 10 of the Dungeon
  8171 | D:10     | Found a staircase to the Orcish Mines.
  8195 | D:10     | Found a flagged portal.
  8249 | Bailey   | Entered a bailey
  8402 | Bailey   | Noticed an orc knight
  8433 | Bailey   | Killed an orc knight
  8465 | Bailey   | Noticed an orc knight
  8468 | Bailey   | Found an iron altar of Okawaru.
  8483 | Bailey   | Killed an orc knight
  8637 | D:10     | Noticed a two-headed ogre
  8644 | D:10     | Killed a two-headed ogre
  8644 | D:10     | Identified the +7 dire flail of Innocence {heavy, *Corrode
                  | rC+ rN+} (Okawaru gifted it to you on level 10 of the
                  | Dungeon)
  8644 | D:10     | Received a gift from Okawaru
  8733 | D:10     | Reached skill level 1 in Invocations
  8804 | D:10     | Reached skill level 10 in Shields
  8854 | D:10     | Identified the +4 chain mail of Qazlal's Castigation {rElec
                  | rPois rC- Int+6}
  9439 | D:1      | Bought a slimy plate armour for 560 gold pieces
  9439 | D:1      | Identified the +2 plate armour of Indemnity {rElec rN+++
                  | Will- Str+2} (You bought it in a shop on level 1 of the
                  | Dungeon)
  9719 | D:11     | Noticed a skeletal warrior
  9720 | D:11     | Noticed a skeletal warrior
  9720 | D:11     | Noticed a skeletal warrior
  9810 | D:10     | Killed a skeletal warrior
  9854 | D:10     | HP: 2/97 [skeletal warrior/+0 long sword (15)]
  9952 | D:10     | Killed a skeletal warrior
  9979 | D:11     | Killed a skeletal warrior
 10061 | D:11     | Reached XP level 12. HP: 81/106 MP: 11/11
 10070 | D:11     | Identified the +2 cloak of Fun and Games {*Slow rPois
                  | Regen+ Str+3} (Okawaru gifted it to you on level 11 of the
                  | Dungeon)
 10070 | D:11     | Received a gift from Okawaru
 10172 | D:11     | Noticed a centaur warrior
 10199 | D:11     | Killed a centaur warrior
 10278 | D:11     | Reached skill level 10 in Fighting
 10416 | D:11     | Noticed a four-headed hydra
 10427 | D:11     | Killed a four-headed hydra
 10512 | D:11     | Noticed a boulder beetle
 10529 | D:11     | Killed a boulder beetle
 10715 | Lair:1   | Entered Level 1 of the Lair of Beasts
 10729 | Lair:1   | Identified a scroll of acquirement
 10776 | Lair:1   | Noticed a death yak
 10792 | Lair:1   | Killed a death yak
 11014 | Lair:1   | Reached skill level 11 in Shields
 11793 | Lair:2   | Reached XP level 13. HP: 103/116 MP: 13/13
 11910 | Lair:2   | Reached ****** piety under Okawaru
 11974 | Lair:2   | Received a gift from Okawaru
 12300 | Lair:2   | Reached skill level 12 in Shields
 12519 | Lair:3   | Noticed raetorn's ghost (journeyman NaTm)
 12528 | Lair:3   | Found a runed translucent gate.
 12528 | Lair:3   | Found a runed translucent gate.
 12530 | Lair:3   | Found a runed translucent gate.
 12667 | Lair:3   | Reached skill level 15 in Maces & Flails
 12683 | Lair:3   | Found a staircase to the Swamp.
 12725 | Lair:3   | Identified the +2 buckler of Peloso's Watchfulness {rC+}
                  | (Okawaru gifted it to you on level 3 of the Lair of Beasts)
 12725 | Lair:3   | Received a gift from Okawaru
 12837 | Lair:3   | Found a hole to the Spider Nest.
 13006 | Lair:3   | Reached skill level 15 in Armour
 13463 | Orc:1    | Entered Level 1 of the Orcish Mines
 13472 | Orc:1    | Reached skill level 13 in Shields
 13513 | Orc:1    | Noticed Fannar
 13527 | Orc:1    | Killed Fannar
 13720 | Orc:1    | Found Juimai's Assorted Antiques.
 13764 | Orc:1    | Bought 2 bubbling purple potions for 50 gold pieces
 13764 | Orc:1    | Bought a scroll labelled ESTEFE HOURGH for 28 gold pieces
 13764 | Orc:1    | Bought an encrusted great mace for 322 gold pieces
 13764 | Orc:1    | Identified the +0 great mace of Sur Vedi {vamp, Int+4} (You
                  | bought it in a shop on level 1 of the Orcish Mines)
 14570 | Orc:2    | Entered Level 2 of the Orcish Mines
 14627 | Orc:2    | Noticed an orc warlord
 14645 | Orc:1    | Reached XP level 14. HP: 98/129 MP: 14/14
 14849 | Orc:1    | Killed an orc warlord
 14850 | Orc:1    | Reached skill level 1 in Evocations
 14947 | Orc:2    | Paralysed by an orc sorcerer for 2 turns
 15124 | Orc:2    | Found Lippogux's Antique Weapon Shoppe.
 15155 | Orc:2    | Found Qadol's Jewellery Shoppe.
 15170 | Orc:2    | Found Tyimicvic's Antique Armour Shoppe.
 15178 | Orc:2    | Bought a pair of crude boots for 171 gold pieces
 15178 | Orc:2    | Identified the +1 pair of boots of the Exiled Interlopers
                  | {-Tele rN+++ Str+2 Int-5} (You bought it in a shop on level
                  | 2 of the Orcish Mines)
 15190 | Orc:2    | Bought a scorched buckler for 171 gold pieces
 15190 | Orc:2    | Identified the +3 buckler of the Solstice {Int+4} (You
                  | bought it in a shop on level 2 of the Orcish Mines)
 15286 | Orc:2    | Found Sulisir's General Store.
 15294 | Orc:2    | Bought a scroll of identify for 26 gold pieces
 15473 | Orc:2    | Found a staircase to the Elven Halls.
 15519 | Orc:2    | Noticed Snorg
 15534 | Orc:2    | Killed Snorg
 15584 | Orc:2    | Identified the +0 pair of gloves "Oxzek" {rC+ Will+}
                  | (Okawaru gifted it to you on level 2 of the Orcish Mines)
 15584 | Orc:2    | Received a gift from Okawaru
 15585 | Orc:2    | Found Pupeos's General Store.
 15675 | Orc:2    | Bought a scroll of magic mapping for 75 gold pieces
 16011 | Orc:2    | Bought the +9 long sword of Domi {protect, Int+4} for 646
                  | gold pieces
 16175 | Lair:4   | Reached skill level 14 in Shields
 16306 | Lair:4   | Reached skill level 5 in Long Blades
 16545 | Lair:4   | Noticed Nessos
 16548 | Lair:4   | Noticed Sonja
 16856 | D:12     | Found a gate leading to a gauntlet.
 16881 | Gauntlet | Entered a Gauntlet
 16881 | Gauntlet | Found a transporter.
 16881 | Gauntlet | Found a transporter.
 16881 | Gauntlet | Found a transporter.
 16882 | Gauntlet | Found a transporter.
 16893 | Gauntlet | Found a transporter.
 16896 | Gauntlet | Found a transporter.
 16912 | Gauntlet | Found a transporter.
 16914 | Gauntlet | Found a transporter.
 16925 | Gauntlet | Found a transporter.
 16942 | Gauntlet | Found a transporter.
 16947 | Gauntlet | Found a transporter.
 16950 | Gauntlet | Found a transporter.
 17442 | Gauntlet | Identified the +5 ring mail of Leepesyu {+Blink rPois rF+
                  | rCorr}
 18633 | D:13     | Reached skill level 15 in Shields
 18721 | D:13     | Reached XP level 15. HP: 127/137 MP: 15/15
 18980 | D:13     | Noticed Frances
 18995 | D:13     | Killed Frances
 18996 | D:13     | Reached skill level 10 in Long Blades
 19212 | D:14     | Got Odwil's Folio of the Translocational Jinx
 19446 | D:14     | Found a gate to the Vaults.
 19455 | D:14     | Received a gift from Okawaru
 19684 | D:14     | Found a runed translucent gate.
 19684 | D:14     | Found a runed translucent gate.
 19684 | D:14     | Found a runed translucent gate.
 20023 | D:14     | Noticed Bumelen's ghost (journeyman MiBe)
 20117 | D:14     | Reached skill level 5 in Dodging
 20186 | D:14     | Killed Bumelen's ghost
 20222 | D:14     | Got the ring of Koch {Fire +Blink rN++ rCorr Int-2}
 20265 | D:15     | Entered Level 15 of the Dungeon
 20513 | Lair:4   | Identified the +2 pair of gloves of the Lair of Beasts
                  | {rPois rF- Str+3 Int+6} (Okawaru gifted it to you on level
                  | 4 of the Lair of Beasts)
 20513 | Lair:4   | Received a gift from Okawaru
 20603 | Lair:4   | Killed Sonja
 20604 | Lair:4   | Reached skill level 16 in Shields
 20762 | Lair:4   | Killed Nessos
 20890 | Lair:5   | Entered Level 5 of the Lair of Beasts
 20938 | Lair:5   | Found a frozen archway.
 20951 | IceCv    | Entered an ice cave
 21253 | IceCv    | Identified the ring of Doiqecag {rN++ Will+ Dex-4}
 21513 | Lair:5   | Noticed Urug
 21878 | Lair:5   | Killed Urug
 21977 | Lair:5   | Reached skill level 15 in Fighting
 22091 | Lair:5   | Found a viscous altar of Jiyva.
 22092 | Lair:5   | Found a staircase to the Slime Pits.
 22350 | Lair:5   | Reached XP level 16. HP: 106/149 MP: 16/16
 23854 | Lair:3   | Killed raetorn's ghost
 24283 | Elf:1    | Entered Level 1 of the Elven Halls
 24334 | Elf:1    | Found a magical portal.
 24343 | WizLab   | Entered Zonguldrok's Shrine
 24605 | WizLab   | Noticed an ancient champion
 24646 | WizLab   | HP: 4/149 [ancient champion/+3 great mace of pain (21)]
 24650 | WizLab   | Killed an ancient champion
 24794 | WizLab   | Noticed an ancient champion
 24821 | WizLab   | Killed an ancient champion
 24853 | WizLab   | Noticed an antique lich
 24855 | WizLab   | Found the +9 sword of Zonguldrok {reap}
 24879 | WizLab   | Killed an antique lich
 24879 | WizLab   | Received a gift from Okawaru
 25095 | Orc:2    | Received a gift from Okawaru
 25202 | Elf:1    | Reached skill level 17 in Shields
 25289 | Elf:1    | Received a gift from Okawaru
 25321 | Elf:1    | Received a gift from Okawaru
 25467 | Elf:1    | Found an ancient bone altar of Kikubaaqudgha.
 25490 | Elf:1    | Reached skill level 15 in Long Blades
 26034 | Elf:1    | Reached XP level 17. HP: 159/159 MP: 17/17
 26052 | Elf:1    | Paralysed by an air elemental for 1 turns
 26548 | Spider:1 | Entered Level 1 of the Spider Nest
 26685 | Spider:1 | Received a gift from Okawaru
 27519 | Swamp:1  | Entered Level 1 of the Swamp
 27705 | Swamp:1  | Received a gift from Okawaru
 28030 | Swamp:1  | Reached skill level 18 in Shields
 28580 | Swamp:2  | Identified the +5 mace "Neukkid" {vamp, Fly Stlth+}
 29260 | Elf:2    | Paralysed by an air elemental for 1 turns
 29312 | Elf:2    | Found an ancient bone altar of Kikubaaqudgha.
 29385 | Elf:2    | Found Bicel's Armour Shop.
 29765 | Elf:2    | Found a runed translucent gate.
 29766 | Elf:2    | Found a runed translucent gate.
 29766 | Elf:2    | Found a runed translucent gate.
 29771 | Elf:2    | Noticed a deep elf blademaster
 29811 | Elf:3    | Entered Level 3 of the Elven Halls
 29812 | Elf:3    | Acquired 666 gold pieces
 30076 | Elf:3    | Received a gift from Okawaru
 30146 | Elf:3    | Found Ruqon's Book Shop.
 30146 | Elf:3    | Found Osuad's Jewellery Shoppe.
 30151 | Elf:3    | Found Igotz's Jewellery Shoppe.
 30165 | Elf:3    | Bought the amulet of Kaonaw {Will+ Regen+ Stlth+} for 635
                  | gold pieces
 30181 | Elf:3    | Bought a ring of the Octopus King {HP+2 AC+2 EV+2 SH+2
                  | SInv} for 976 gold pieces
 30181 | Elf:3    | Found the ring of the Octopus King {HP+2 AC+2 EV+2 SH+2
                  | SInv}
 30374 | Elf:3    | Received a gift from Okawaru
 31089 | Elf:3    | Noticed a deep elf blademaster
 31132 | Elf:3    | Killed a deep elf blademaster
 31133 | Elf:3    | Reached XP level 18. HP: 75/171 MP: 15/18
 31774 | Elf:3    | Identified the +2 leather armour of the Harp {rElec rN++
                  | Str+4}
 31819 | Elf:3    | Reached skill level 19 in Shields
 32082 | Elf:3    | Gained mutation: You are weak. (Str -2) [a cacodemon]
 32615 | Elf:3    | Received a gift from Okawaru
 32994 | Elf:3    | Identified the ring of Ijuobelu {Ice rN+ Dex+5 Stlth+}
 33044 | Elf:3    | Identified the staff of cold "Duntiafy" {Fly rC+ Int+3}
 33144 | Elf:3    | Found the macabre finger necklace {Finger+ rN+}
 33162 | Elf:3    | Identified the ring of Creativity {Will+ SInv}
 33167 | Elf:3    | Identified the amulet "Angelas" {RegenMP rElec rF+ Dex-3}
 33174 | Elf:3    | Identified the +0 storm dragon scales "Uwixtab" {rElec
                  | rPois rCorr Int-4 SInv}
 33210 | Elf:3    | Identified the +5 whip "Mienwij" {holy, rElec rN+ Will+
                  | Int-3}
 33261 | Elf:3    | Identified the staff of cold "Sereum" {*Slow rC+ rN++
                  | Str+4}
 33304 | Elf:3    | Identified the +0 scale mail "Las Geddi" {rPois}
 34713 | Swamp:4  | Entered Level 4 of the Swamp
 35256 | Swamp:4  | Noticed a tentacled monstrosity
 35607 | Swamp:4  | Reached skill level 20 in Shields
 35895 | Swamp:4  | Received a gift from Okawaru
 36041 | Swamp:4  | Identified the +1 plate armour of Vanity {rElec Will+}
 36128 | Swamp:4  | Got a decaying rune of Zot
 36193 | Swamp:4  | Identified the +2 double sword "Ozeilov" {heavy, Drain
                  | rPois Int+4}
 36311 | Swamp:4  | Identified the ring of Gampy {Str+4 Int+4 Dex-4 SInv}
 36375 | Swamp:4  | Killed a tentacled monstrosity
 36460 | Swamp:4  | Reached XP level 19. HP: 182/182 MP: 20/20
 37550 | Spider:2 | Identified the +1 sling "Nemeruuh" {flame, +Blink rPois
                  | rN++ Will-}
 37699 | Spider:2 | Noticed Arachne
 37733 | Spider:2 | Killed Arachne
 39543 | Spider:3 | HP: 13/271 [demonic crawler (14)]
 39544 | Spider:3 | HP: 5/273 [redback (4)]
 39545 | Spider:3 | Slain by a demonic crawler

Illustrated notes

Levels and vault maps discovered:
D:1:      eino_arrival_tree_alley, layout_basic, serial_shops, shop,
          minmay_misc_feat_rugged
D:2:      layout_loops_ring, minmay_octomino_j4, uniq_crazy_yiuf_cottage,
          uniq_sigmund
D:3:      layout_loops_cross
D:4:      nicolae_cairo_tiling_large_dashed, layout_loops_ring,
          lemuel_doored_altar, yredelemnul_forgotten_temple_becter,
          nicolae_overflow_hidden_temple, temple_hall
D:5:      layout_loops_ring, minmay_fractal_squares_gapless_5
D:6:      layout_loops_corners, nicolae_wu_jian_immortal_techniques,
          uniq_blork_the_orc
D:7:      layout_rooms, amethyst_overflow_temple_binary, uniq_pikel
D:8:      nzn_winding_woodlands_medium [nzn_winding_woodlands_5x5_three,
          nzn_winding_woodlands_5x15_split_checker,
          nzn_winding_woodlands_5x5_open_star,
          nzn_winding_woodlands_5x5_default,
          nzn_winding_woodlands_center_triple_pond,
          nzn_winding_woodlands_5x5_checkerboard,
          nzn_winding_woodlands_hourglass, nzn_winding_woodlands_5x15_cabin,
          nzn_winding_woodlands_5x5_cross], layout_rooms, david_lair_generic
D:9:      layout_roguey, lemuel_crystal_altar,
          amcnicky_mini_rare_corridor_liquid, minivault_20
D:10:     lemuel_troll_bridge, layout_cave_pools, enter_bailey_5
D:11:     layout_long_grid
D:12:     layout_loops_ring, gauntlet_entry_generic, minmay_misc_feat_diagonals
D:13:     layout_roguey, serial_undead, serial_undead_c, serial_undead_f,
          serial_undead_d, serial_undead_a, serial_undead_a, serial_undead_e,
          serial_undead_f, serial_undead_b, evilmike_minifort, uniq_frances
D:14:     layout_cave_pools, lightli_vaults_fourway_checkpoint,
          gammafunk_ghost_icy, minivault_25
D:15:     gammafunk_depths_entry_grave, layout_layer_cave, serial_park_avenue1,
          uniq_azrael, uniq_agnes, uniq_rupert
Lair:1:   layout_roguey, st_stairs_4, serial_bayou_shore_b
Lair:2:   layout_chaotic_city
Lair:3:   layout_loops_ring, swamp_mist_pool, dummy_spider_entry,
          gammafunk_ghost_split, infiniplex_staircase_pool, lemuel_fruit_fields,
          grunt_megastairs_4
Lair:4:   layout_misc_corridors, uniq_nessos, uniq_sonja
Lair:5:   grunt_lair_end_beastmaster, layout_regular_city, slime_entry_1,
          portal_ice_cave_demonic_guard, uniq_urug
Swamp:1:  layout_falls_marsh, evilmike_swamp_ruin_house_5, swamp_pool4,
          cheibrodos_swamp_pet_leeches
Swamp:2:  layout_basic_swamp, evilmike_swamp_ruin_house_3, swamp_pool2
Swamp:3:  layout_basic_swamp, hangedman_swamp_pad
Swamp:4:  swamp_basic_johnstein, layout_basic_swamp, swamp_pool1, worms_lemuel
Spider:1: layout_spider_delve
Spider:2: layout_chambers, uniq_arachne
Spider:3: layout_spider_delve
Orc:1:    layout_caves, serial_shops, shop, mines3_lemuel, uniq_fannar
Orc:2:    grunt_orc_cross, layout_caves, serial_shops,
          nicolae_shop_advertising_works [nicolae_subvault_shop_adworks],
          uniq_snorg
Elf:1:    layout_gridlike, mu_enter_wizlab_2, basic_altar,
          hangedman_elf_represent
Elf:2:    nicolae_elf_blades_crystal_corner, layout_loops_cross, basic_altar,
          serial_shops, nicolae_shop_pleasant_corner_grove
Elf:3:    minmay_elf_hall, layout_onion_city, minmay_shop_grove

Skill      XL: |  1  2  3  4  5  6  7  8  9 10 11 12 13 14 15 16 17 18 19 |
---------------+----------------------------------------------------------+-----
Shields        | 4 5 6 8 9 10 11 13 15 16 17 18 20 | 20.8
Fighting       | 4 5 6 7 8 9 11 13 15 16 17 19 | 19.5
Long Blades    | 4 9 12 15 16 17 | 17.9
Armour         | 4 5 6 7 10 11 13 15 16 17 18 19 | 19.6
Dodging        | 1 2 3 4 5 6 7 |  7.0
Short Blades   | 1 2 3 4 |  4.1
Maces & Flails | 1 5 7 10 12 13 14 15 | 15.7
Stealth        | 1 2 |  2.5
Invocations    | 1 2 3 |  3.4
Evocations     | 1 |  1.0

Action                     |  1- 3 |  4- 6 |  7- 9 | 10-12 | 13-15 | 16-18 | 19-21 || total
---------------------------+-------+-------+-------+-------+-------+-------+-------++-------
  Melee: Long sword        |   117 |       |       |       |   958 |  1862 |   377 ||  3314
         Headbutt          |    15 |     9 |    32 |   136 |   500 |   629 |   124 ||  1445
         Dagger            |    12 |    70 |       |     8 |       |       |       ||    90
         Mace              |       |    21 |   224 |   609 |   587 |       |       ||  1441
         Scimitar          |       |       |       |       |    58 |    38 |       ||    96
         Double sword      |       |       |       |       |       |   268 |       ||   268
 Invoke: Heroism           |       |       |       |     9 |    19 |    33 |     2 ||    63
  Evoke: Wand              |       |       |       |       |     6 |       |       ||     6
    Use: Scroll            |       |       |    10 |     6 |    14 |    15 |     2 ||    47
         Potion            |       |       |       |     5 |     4 |     9 |     3 ||    21
 Armour: Scale mail        |    23 |       |       |       |       |       |       ||    23
         Plate armour      |   102 |    47 |   141 |   252 |  1080 |   820 |       ||  2442
         Chain mail        |       |       |       |    88 |       |       |       ||    88
         Storm dragon scal |       |       |       |       |       |   467 |   341 ||   808
  Dodge: Dodged            |    64 |    26 |    83 |   233 |   834 |  1071 |   327 ||  2638
  Block: Buckler           |    41 |    18 |    61 |   205 |   956 |  1223 |   332 ||  2836
